General information
- name: BNet
- type: Ladder 1vs1/FFA
- host: Battle.net
- saver: 7.13
map: EchoIsles
- players: 2
- length: 28:09
- speed: Fast
- version: 1.24 W3XP
- replay type: Public
» download(80 KB)
Players
team 1 (loser)
redizdead (
teal | 41 APM | 1154 actions | 28:05)
3 Beastmaster
2 Summon Quilbeast
1 Summon Bear
1 Keeper of the Grove
1 Force of Nature
» actions
| Assign group hotkey | 14 | |
| Basic commands | 70 | |
| Build / train | 74 | |
| Enter build submenu | 42 | |
| Enter hero's abilities submenu | 4 | |
| Give item / drop item | 2 | |
| Right click | 388 | |
| Select / deselect | 413 | |
| Select group hotkey | 60 | |
| Use ability | 87 | |
1154 total
» units
| Wisp | 25 | |
| Archer | 2 | |
| Huntress | 2 | |
| Glaive Thrower | 3 | |
| Hippogryph | 4 | |
| Druid of the Talon | 9 | |
| Chimaera | 3 | |
48 total
» upgrades
| Moon Armor | 2 | |
| Strength of the Moon | 2 | |
| Ultravision | 1 | |
| Strength of the Wild | 2 | |
| Druid of the Talon Training | 5 | |
| Well Spring | 1 | |
| Corrosive Breath | 1 | |
| Mark of the Talon | 1 | |
15 total
» buildings
| Moon Well | 11 | |
| Ancient of War | 2 | |
| Hunter's Hall | 1 | |
| Altar of Elders | 1 | |
| Tree of Ages | 1 | |
| Ancient Protector | 9 | |
| Tree of Eternity | 1 | |
| Ancient of Wind | 7 | |
| Chimaera Roost | 2 | |
35 total
» build order
00:39 Moon Well
00:55 Ancient of War
01:33 Moon Well
01:46 Hunter's Hall
02:11 Altar of Elders
03:25 Moon Well
05:26 Tree of Ages
05:30 Ancient Protector
05:37 Ancient Protector
08:03 Tree of Eternity
10:32 Ancient of Wind
10:48 Ancient Protector
11:27 Ancient of Wind
11:51 Ancient of Wind
12:53 Ancient Protector
12:54 Ancient Protector
12:56 Ancient Protector
12:58 Ancient Protector
13:08 Ancient Protector
13:10 Ancient Protector
14:41 Chimaera Roost
15:00 Chimaera Roost
16:22 Moon Well
16:24 Moon Well
16:25 Moon Well
16:27 Moon Well
17:09 Ancient of Wind
17:13 Ancient of Wind
17:18 Ancient of Wind
17:59 Ancient of Wind
18:01 Moon Well
19:18 Moon Well
20:34 Moon Well
22:59 Ancient of War
23:04 Moon Well
» items
| Ring of Protection +2 | 1 | |
| Circlet of Nobility | 1 | |
| Wand of Illusion | 1 | |
3 total
team 2 (winner)
7.13 (
purple | 59 APM | 1674 actions | 28:09)
7 Mountain King
3 Storm Bolt
3 Bash
1 Avatar
5 Archmage
2 Summon Water Elemental
3 Brilliance Aura
» actions
| Assign group hotkey | 39 | |
| Basic commands | 144 | |
| Build / train | 114 | |
| ESC pressed | 3 | |
| Enter build submenu | 50 | |
| Enter hero's abilities submenu | 13 | |
| Give item / drop item | 4 | |
| Remove unit from queue | 2 | |
| Right click | 575 | |
| Select / deselect | 360 | |
| Select group hotkey | 210 | |
| Use ability | 160 | |
1674 total
» units
| Peasant | 31 | |
| Footman | 7 | |
| Forest Troll Shadow Priest | 1 | |
| Forest Troll Berserker | 1 | |
| Rifleman | 3 | |
| Sorceress | 1 | |
| Spell Breaker | 1 | |
| Dragonhawk Rider | 5 | |
| Gryphon Rider | 1 | |
51 total
» upgrades
| Defend | 2 | |
| Masonry | 3 | |
| Lumber Harvesting | 1 | |
| Sorceress Training | 2 | |
| Magic Sentry | 1 | |
| Armor | 3 | |
| Long Rifles | 1 | |
| Swords | 1 | |
| Animal War Training | 1 | |
| Cloud | 1 | |
| Storm Hammers | 1 | |
17 total
» buildings
| Altar of Kings | 1 | |
| Barracks | 1 | |
| Farm | 10 | |
| Town Hall | 2 | |
| Scout Tower | 23 | |
| Arcane Vault | 1 | |
| Lumber Mill | 1 | |
| Arcane Tower | 3 | |
| Guard Tower | 7 | |
| Keep | 1 | |
| Blacksmith | 1 | |
| Arcane Sanctum | 2 | |
| Gryphon Aviary | 4 | |
| Castle | 1 | |
58 total
» build order
00:05 Altar of Kings
00:10 Barracks
00:22 Farm
01:09 Farm
01:42 Farm
02:00 Farm
03:43 Town Hall
04:29 Scout Tower
05:00 Arcane Vault
05:45 Lumber Mill
05:49 Arcane Tower
06:19 Scout Tower
06:19 Scout Tower
06:20 Scout Tower
06:24 Farm
06:51 Guard Tower
07:26 Scout Tower
07:27 Scout Tower
07:27 Scout Tower
07:29 Scout Tower
07:30 Scout Tower
07:30 Scout Tower
07:33 Keep
07:34 Guard Tower
08:07 Scout Tower
08:09 Scout Tower
08:10 Scout Tower
08:16 Guard Tower
09:15 Guard Tower
09:25 Blacksmith
09:29 Arcane Tower
09:30 Guard Tower
09:33 Farm
09:34 Farm
10:52 Scout Tower
10:53 Scout Tower
10:54 Scout Tower
10:56 Scout Tower
11:35 Scout Tower
11:35 Scout Tower
11:36 Scout Tower
11:37 Guard Tower
12:03 Guard Tower
12:08 Town Hall
12:16 Arcane Tower
12:20 Arcane Sanctum
12:24 Arcane Sanctum
13:11 Farm
13:11 Farm
13:12 Farm
14:29 Gryphon Aviary
14:30 Gryphon Aviary
14:33 Gryphon Aviary
14:36 Gryphon Aviary
18:07 Castle
27:53 Scout Tower
27:54 Scout Tower
27:55 Scout Tower
» items
| Scroll of Regeneration | 3 | |
| Lesser Clarity Potion | 3 | |
| Boots of Speed | 2 | |
| Periapt of Vitality | 3 | |
| Mechanical Critter | 1 | |
| Staff of Teleportation | 1 | |
| Scroll of Healing | 1 | |
| Potion of Lesser Invulnerability | 1 | |
| Orb of Fire | 1 | |
| Staff of Sanctuary | 1 | |
| Scroll of Town Portal | 1 | |
18 total
Chat log
(10:23 / All) redizdead: lol
(10:25 / All) 7.13: gg?
(10:38 / All) redizdead: no
(10:42 / All) 7.13: lol k
(11:03 / All) 7.13: you need more towers
(14:10 / All) 7.13: keeper trapped?
(14:24 / All) 7.13: id make a joke about trapper keepers here
(15:14 / All) 7.13: TRAPPER KEEPER
(15:33 / All) 7.13: lol chimeras with no support
(17:20 / All) 7.13: hows your chippo going?
(17:31 / All) redizdead: no chippo
(17:36 / All) 7.13: you have chimeras
(17:38 / All) 7.13: you have hippos
(17:40 / All) 7.13: thats a chippo
(17:49 / All) 7.13: unless youre just idling those roosts
(18:01 / All) 7.13: that would be a bad idea when i have 3 mines and you have 1
(18:49 / All) redizdead: you better make this fun and attack me
(18:52 / All) 7.13: nah
(19:00 / All) 7.13: im just gonna watch you leave when your gold runs out
(19:03 / All) redizdead: i could always leave
(19:06 / All) 7.13: why dont ya
(19:07 / All) redizdead: not much fun at all
(19:10 / All) 7.13: buh bye
(19:34 / All) 7.13: hey
(19:36 / All) 7.13: you lied
(19:38 / All) 7.13: you did chippo
(19:50 / All) 7.13: :'(
(23:55 / All) 7.13: "out of gold, time to attack move!"
(25:33 / All) 7.13: oh noes!
(26:13 / All) 7.13: lol
(26:20 / All) 7.13: lost 2 food
(26:23 / All) 7.13: leave noob
(26:56 / All) 7.13: you suck
(26:57 / All) 7.13: leave
(26:59 / All) redizdead: sigh
(27:00 / All) 7.13: yet
(27:01 / All) redizdead: you such
(27:01 / All) 7.13: you tried
(27:02 / All) 7.13: and failed
(27:07 / All) redizdead: ner
(27:12 / All) 7.13: Deny it to save face
(27:13 / All) 7.13: lol
(27:21 / All) redizdead: actually im highand running on 48 hrs no sleep
(27:24 / All) 7.13: mmhm
(27:25 / All) 7.13: sure
(27:29 / All) redizdead: i played this in a fucking coma fagit
(27:30 / All) 7.13: face saving ftw
(27:34 / All) redizdead: DUDE
(27:38 / All) redizdead: YOU TAKE PRIDE IN THIS
(27:40 / All) redizdead: THATS SAD
(27:41 / All) redizdead: LEAVE
(27:44 / All) redizdead: YOUR THE LOSER
(27:46 / All) 7.13: i find humor in this
(27:48 / All) 7.13: *you're
(27:56 / All) redizdead: telling the truth?
(27:58 / All) redizdead: ty
(28:02 / All) redizdead: out